 Dungeon Crawl Stone Soup version 0.31-a0-854-g362426d53f (webtiles) character file.

Game seed: 11287644569959047967

111 Azuregosa the Grave Robber (level 4, -5/21 HPs)
             Began as a Vine Stalker Necromancer on Oct 9, 2023.
             Killed from afar by an orc wizard (10 damage)
             ... with a puff of flame
             ... on level 3 of the Dungeon.
             The game lasted 00:19:16 (2394 turns).

Azuregosa the Grave Robber (VSNe)                   Turns: 2394, Time: 00:19:16

Health: -5/21      AC:  3    Str: 10    XL:     4   Next: 92%
Magic:  0/9        EV: 12    Int: 17    God:
Gold:   99         SH:  0    Dex: 15    Spells: 5/9 levels left

rFire   . . .        h - +0 hand axe (elec)
rCold   . . .        (no shield)
rNeg    . . .        a - +0 robe
rPois   .            (no helmet)
rElec   .            (no cloak)
rCorr   .            f - +0 pair of gloves
SInv    .            (no boots)
Will    .....        (no amulet)
Stlth   +++          (no ring)
HPRegen 1.03/turn    (no ring)
MPRegen 0.11/turn

%: guardian spirit
@: no status effects
A: fangs 2, regeneration 1, magic shield, antimagic bite, no potion heal 2
a: no special abilities


You were on level 3 of the Dungeon.
You visited 1 branch of the dungeon, and saw 3 of its levels.

You collected 99 gold pieces.

Inventory:

Hand Weapons
 e - a +0 mace
 h - a +0 hand axe of electrocution (weapon)
Armour
 a - a +0 robe (worn)
 c - a +0 pair of gloves
 f - a +0 pair of gloves (worn)
Talismans
 m - a blade talisman
Scrolls
 d - 2 scrolls of identify {unknown}
 j - a scroll of teleportation {unknown}
 k - 2 scrolls of enchant weapon {unknown}
Potions
 b - a potion of magic
 g - a potion of heal wounds {unknown}
 i - a potion of curing {unknown}
 l - 2 potions of degeneration {unknown}


   Skills:
 + Level 2.3 Dodging
 + Level 3.8 Stealth
 + Level 3.1 Spellcasting
 + Level 4.6 Necromancy


You had 5 spell levels left.
You knew the following spells:

 Your Spells              Type           Power      Damage    Failure   Level
a - Necrotise             Necr           72%        1d7       2%          1
b - Vampiric Draining     Necr           18%        2d7       8%          3

Your spell library contained the following spells:

 Spells                   Type           Power      Damage    Failure   Level
 Animate Dead             Necr           18%        N/A       26%         4
 Agony                    Necr           18%        N/A       58%         5


Dungeon Overview and Level Annotations

Branches:
Dungeon (3/15)

Altars:

Shops:
D:1 =

Annotations:
D:3 Robin


Innate Abilities, Weirdness & Mutations

You have extremely sharp teeth.
Your natural rate of healing is unusually fast.
When hurt, damage is shared between your health and your magic reserves.
Your bite disrupts and absorbs the magic of your enemies.
Potions cannot restore your health.


Message History

You're too confused to cast spells.
Sorry, you're not good enough to have a special ability.
Unknown command.
The orc throws a boomerang.
The boomerang hits you. Something hits you.
A magic dart appears from out of thin air!
The magic dart hits something.
You're too confused to cast spells.
Sorry, you're not good enough to have a special ability.
Unknown command.
You miss something.
The orc throws a boomerang.
The boomerang hits you but does no damage.
Something hits you.
You hear some strange, mumbled words. x2
Something tries to affect you, but you resist.
You closely miss something. Your bite misses something.
You hear some strange, mumbled words.
A puff of flame appears from out of thin air!
The puff of flame hits you.
You barely miss something. Your bite misses something. Something hits you.
You bump into the rock wall.
You feel less confused. Something hits you.
You closely miss something.
You hear some strange, mumbled words.
A magic dart appears from out of thin air!
The magic dart hits you! Something hits you.
You hit something. Your bite misses something. Something hits you.
You hear some strange, mumbled words.
An orc wizard appears from thin air!
Reactivating autopickup.
Something hits you.
Deactivating autopickup; reactivate with Ctrl-A.
An orc wizard appears from thin air!
Reactivating autopickup.
The orc wizard gestures at you while chanting.
The magic dart hits you.
* * * LOW HITPOINT WARNING * * *
The orc wizard gestures at you while chanting.
The puff of flame hits you!
You die...

#)# ####.# ..#.#
#.#.# #.#.####.#
######..........
#.o{o.o.......##
##.#############
#.###.@.#
#.......#
#####<..# #####


You could see an orc wizard.

Vanquished Creatures
  A gnoll (D:1)
  An adder (D:3)
  2 worms (D:2)
  A dart slug (D:1)
  An orc (D:3)
  8 endoplasms
  4 giant cockroaches
  7 hobgoblins
  4 quokkas
  5 ball pythons
  7 bats
  3 frilled lizards (D:1)
  12 goblins
  10 kobolds
  6 rats
72 creatures vanquished.

Vanquished Creatures (collateral kills)
  An endoplasm (D:1)
  A goblin (D:1)
  A ball python (D:1)
  A bat (D:1)
  A frilled lizard (D:1)
  2 rats (D:1)
7 creatures vanquished.

Grand Total: 79 creatures vanquished

Notes
Turn   | Place    | Note
-------+----------+-------------------------------------------
     0 | D:1      | Azuregosa the Vine Stalker Necromancer began the quest for
                  | the Orb.
     0 | D:1      | Reached XP level 1. HP: 9/9 MP: 4/4
    17 | D:1      | You fall into a shaft and drop 1 floor!
   124 | D:1      | Reached XP level 2. HP: 13/13 MP: 0/6
   335 | D:1      | Reached XP level 3. HP: 16/16 MP: 2/7
   462 | D:1      | Learned a level 3 spell: Vampiric Draining
   635 | D:1      | Found Exeuneoly's One-of-a-Kind Rings.
  1120 | D:1      | Reached XP level 4. HP: 21/21 MP: 5/9
  2108 | D:3      | Noticed Robin
  2394 | D:3      | Killed from afar by an orc wizard

Illustrated notes

Levels and vault maps discovered:
D:1:      ncdulo_wetmaze, layout_loops_cross, fountainhead,
          nicolae_shop_unique_rings, st_stairs_7, lexackson_kobold_supper
D:2:      layout_rooms, minmay_misc_feat_tiny
D:3:      layout_loops_ring, uniq_sigmund, uniq_robin

Skill      XL: |  1  2  3  4 |
---------------+-------------+-----
Stealth        | 3 |  3.8
Dodging        | 2 |  2.3
Spellcasting   | 3 |  3.1
Necromancy     | |  4.6

Action                     |  1- 3 |  4- 6 || total
---------------------------+-------+-------++-------
  Melee: Mace              |     2 |       ||     2
         Hand axe          |       |    20 ||    20
         Bite              |       |     1 ||     1
   Cast: Necrotise         |    67 |    66 ||   133
         Vampiric Draining |       |     1 ||     1
 Armour: Robe              |    11 |    59 ||    70
  Dodge: Dodged            |    36 |    32 ||    68

Table legend: (Time is in decaauts)
 A = Elapsed time spent in this place.
 B = Non-inter-level travel time spent in this place.
 C = Inter-level travel time spent in this place.
 D = Time resting spent in this place.
 E = Time spent auto-exploring this place.
 F = Levels seen in this place.
 G = Mean time per level.
                   A        B        C        D        E       F      G
               +--------+--------+--------+--------+--------+-----+--------+
         Total |   2411 |   2385 |     26 |     58 |   1712 |   3 |  803.7 |
       Dungeon |   2411 |   2385 |     26 |     58 |   1712 |   3 |  803.7 |
               +--------+--------+--------+--------+--------+-----+--------+

Top non-repeatable levels by time:
     D:1: 1378 daAuts
     D:2: 808 daAuts
     D:3: 225 daAuts
